 Dungeon Crawl Stone Soup version 0.28-a0-998-gb9e9c7b67e (webtiles) character file.

Game seed: 6692730975521271060

21 ytrimaz the Scratcher (level 2, 12/12 HPs)
             Began as a Felid Transmuter on Dec 5, 2021.
             Was a Follower of Kikubaaqudgha.
             Quit the game on level 1 of the Dungeon.
             The game lasted 00:02:30 (548 turns).

ytrimaz the Scratcher (Felid Transmuter)             Turns: 548, Time: 00:02:30

Health: 12/12      AC:  1    Str:  6    XL:     2   Next: 65%
Magic:  3/6        EV: 17    Int: 14    God:    Kikubaaqudgha [*.....]
Gold:   27         SH:  0    Dex: 16    Spells: 4/5 levels left
                                        Lives:  0   Deaths: 0

rFire   . . .      SeeInvis +     - Unarmed
rCold   . . .      Faith    .   (shield unavailable)
rNeg    . . .      Spirit   .   (armour unavailable)
rPois   .          Reflect  .   (helmet unavailable)
rElec   .          Harm     .   (cloak unavailable)
rCorr   .          Rampage  .   (gloves unavailable)
Will    .....                   (boots unavailable)
Stlth   +.........              a - amulet of regeneration
HPRegen 0.84/turn               (no ring)
MPRegen 0.10/turn               (no ring)

@: quick
A: very small, claws 1, fangs 3, see invisible, speed 1, shaggy fur 1, stealthy
paws, no weapons or thrown items, no armour, multi-lived
a: Renounce Religion, Receive Corpses


You were on level 1 of the Dungeon.
You worshipped Kikubaaqudgha.
Kikubaaqudgha was aware of your devotion.
You visited 1 branch of the dungeon, and saw 1 of its levels.

You collected 27 gold pieces.

Inventory:

Jewellery
 a - an amulet of regeneration (around neck)
Potions
 b - a potion of flight {unknown}


   Skills:
 - Level 1.0 Fighting
 + Level 2.9 Dodging
 + Level 3.4 Unarmed Combat
 * Level 2.3 Spellcasting
 * Level 2.5 Transmutations


You had 4 spell levels left.
You knew the following spells:

 Your Spells              Type           Power      Damage    Failure   Level
a - Beastly Appendage     Tmut           16%        N/A       9%          1

Your spell library contained the following spells:

 Spells                   Type           Power      Damage    Failure   Level
 Wereblood                Tmut           8%         N/A       12%         2
 Pain                     Necr           4%         1d4       24%         1
 Corpse Rot               Necr/Air       2%         N/A       34%         2
 Sublimation of Blood     Necr           1%         N/A       34%         2
 Spider Form              Tmut/Pois      5%         N/A       38%         3
 Ignite Poison            Fire/Tmut/Pois 3%         N/A       43%         3
 Mephitic Cloud           Conj/Pois/Air  1%         N/A       56%         3
 Vampiric Draining        Necr           1%         2d6       56%         3
 Ice Form                 Ice/Tmut       5%         N/A       80%         4
 Petrify                  Tmut/Erth      5%         N/A       80%         4
 Irradiate                Conj/Tmut      2%         3d14      98%         5
 Freezing Cloud           Conj/Ice/Air   0%         6-21      100%        5


Dungeon Overview and Level Annotations

Branches:
Dungeon (1/15)

Altars:
Kikubaaqudgha


Innate Abilities, Weirdness & Mutations

You have sharp claws.
You have razor-sharp teeth.
You have supernaturally acute eyesight. (SInv)
You cover ground quickly. (Speed+)
You are covered in fur. (AC +1)
Your paws help you pounce on unaware monsters.
You are incapable of wielding weapons or throwing items.
You cannot wear armour.
You gain extra lives every three experience levels.


Message History

The bat is severely wounded.
The bat closely misses you. The bat misses you. The bat closely misses you.
You scratch the bat but do no damage. Your claw misses the bat.
The bat is severely wounded.
The bat hits you but does no damage. The bat barely misses you.
You closely miss the bat. Your headbutt misses the bat.
The bat is severely wounded.
The bat hits you. The bat hits you but does no damage.
The bat closely misses you.
You scratch the bat but do no damage. Your headbutt misses the bat.
The bat is severely wounded.
Your transformation is almost over.
The bat closely misses you. The bat misses you. The bat barely misses you.
You scratch the bat.
You kill the bat!
You see here a bat corpse.
Your horns disappear.
You scratch the demonic plant.
The demonic plant begins to die.
You bite the demonic plant.
The demonic plant is lightly damaged.
A nearby demonic plant withers and dies.
There is a faded altar of an unknown god here.
You cannot tell which god this altar belongs to.
Convert to them anyway?
Kikubaaqudgha accepts your prayer! Kikubaaqudgha welcomes you!
You can now receive cadavers from Kikubaaqudgha.
Kikubaaqudgha grants you a gift!
You add the spells Pain, Corpse Rot and Vampiric Draining to your library.
Okay, then.
Things that are here:
a +0 dagger; a goblin corpse You see here a +0 club.
There is a stone staircase leading down here.
Search for what [? for help]?
Okay, then.
Are you sure you want to abandon this character and quit the game? (Confirm with "yes".)
Okay, then.
Kikubaaqudgha delivers you corpses!
Are you sure you want to abandon this character and quit the game? (Confirm with "yes".)

### ## #.###.
####...#
#.##...#
##.P...P
###.PP..P
#.#...P..
#############
#P....P.
#...†@†.....#
#.......
#.#########.#
#......P #.#
#.# #....PP.
##### #.# #.#
#####_##
....########.#
#.#


#PPPPPP. ###..........# #.# #.P.P..P ############## #)# #....P.. .........#
####.###..PPP.P .#######.# ##.##.)..#..PPP. There were no monsters in sight!

Vanquished Creatures
  3 endoplasms (D:1)
  2 giant cockroaches (D:1)
  4 goblins (D:1)
  A hobgoblin (D:1)
  3 kobolds (D:1)
  2 quokkas (D:1)
  A ball python (D:1)
  A bat (D:1)
  2 rats (D:1)
19 creatures vanquished.

Vanquished Creatures (others)
  A demonic plant (D:1)
1 creature vanquished.

Grand Total: 20 creatures vanquished

Notes
Turn   | Place    | Note
-------+----------+-------------------------------------------
     0 | D:1      | ytrimaz the Felid Transmuter began the quest for the Orb.
     0 | D:1      | Reached XP level 1. HP: 9/9 MP: 4/4
   141 | D:1      | Reached XP level 2. HP: 9/12 MP: 4/6
   397 | D:1      | Found a faded altar of an unknown god.
   504 | D:1      | Prayed at the altar of an unknown god.
   504 | D:1      | Became a worshipper of Kikubaaqudgha
   504 | D:1      | Reached * piety under Kikubaaqudgha
   504 | D:1      | Received a gift from Kikubaaqudgha
   548 | D:1      | Quit the game

Illustrated notes

Levels and vault maps discovered:
D:1:      minmay_arrival_four_loops, layout_loops_ring,
          shapermc_ecumenical_altar_gd

Action                   || total
-------------------------++-------
Melee: Unarmed           ||    62
       Headbutt          ||     6
       Bite              ||     2
       Punch             ||     1
 Cast: Beastly Appendage ||    11
Invok: Receive Corpses   ||     1
  Use: Potion            ||     2
Armor: Skin              ||     5
Dodge: Dodged            ||    51

Table legend: (Time is in decaauts)
 A = Elapsed time spent in this place.
 B = Non-inter-level travel time spent in this place.
 C = Inter-level travel time spent in this place.
 D = Time resting spent in this place.
 E = Time spent auto-exploring this place.
 F = Levels seen in this place.
 G = Mean time per level.
                   A        B        C        D        E       F      G
               +--------+--------+--------+--------+--------+-----+--------+
         Total |    463 |    430 |     33 |      0 |    243 |   1 |  463.0 |
       Dungeon |    463 |    430 |     33 |      0 |    243 |   1 |  463.0 |
               +--------+--------+--------+--------+--------+-----+--------+

Top non-repeatable levels by time:
     D:1: 463 daAuts
